AoeStats
← Abetterhandle

Arabia

507234726Analyzed
4v4 RM · 15d ago on Sep 17, 2026· 45m 32s· 8 players
Game mode
Random Map
Map size
Large (8 player)
Population
200
Speed
Normal
Resources
Standard
Victory
Conquest
Starting age
Dark Age
Ending age
Imperial Age
RankedLock teamsTeams togetherTeam positionsShared explorationLock speedFull tech treeHidden civsTurbo modeCheats
Victory
Defeat
🇩🇪 Persians · Germany
976
+15
🇩🇪 Muisca · Germany
973
+15
🇲🇽 Hindustanis · Mexico
955
+16
🇲🇽 Maya · Mexico
878
+19
🇳🇿 Jurchens · New Zealand
993
-18
🇺🇦 Goths · Ukraine
948
-16
🇫🇷 Mongols · France
944
-16
🇺🇦 Koreans · Ukraine
926
-15
Border
7:43 Loom
9:46 Feudal Age
10:37 Double-Bit Axe
10:36 Horse Collar
13:08 Forging
14:38 Scale Barding Armor
20:53 Castle Age
20:51 Wheelbarrow
21:52 Husbandry
22:32 Iron Casting
21:58 Scale Mail Armor
22:22 Chain Barding Armor
22:32 Bow Saw
22:25 Heavy Plow
23:22 Gold Mining
29:52 Hand Cart
34:21 Ballistics
36:54 Imperial Age
34:25 Fletching
34:36 Padded Archer Armor
34:38 Murder Holes
34:37 Stone Mining
35:23 Gold Shaft Mining
36:26 Nomads
37:12 Elite Mangudai
37:22 Elite Mangudai
38:23 Conscription
37:46 Elite Skirmisher
38:25 Bodkin Arrow
39:46 Light Cavalry
40:37 Bloodlines
42:44 Blast Furnace
41:45 Bracer
42:01 Leather Archer Armor
42:33 Hussar
boobiwest
1:39 Loom
14:19 Feudal Age
17:34 Wheelbarrow
16:45 Double-Bit Axe
17:24 Town Watch
20:21 Castle Age
18:16 Fletching
18:33 Horse Collar
19:36 Gold Mining
21:12 Scale Mail Armor
22:04 Heavy Plow
21:38 Man-at-Arms
23:54 Long Swordsman
24:32 Pikeman
26:35 Squires
28:55 Bodkin Arrow
30:14 Bow Saw
30:55 Forging
32:40 Hand Cart
40:14 Anarchy
40:43 Town Patrol
44:06 Imperial Age
46:15 Iron Casting
45:55 Chain Mail Armor
46:15 Iron Casting
MagnaFox
8:39 Loom
11:16 Feudal Age
20:23 Castle Age
21:13 Double-Bit Axe
22:16 Bow Saw
24:03 Fletching
26:30 Bodkin Arrow
26:51 Pikeman
27:34 Squires
31:42 Wheelbarrow
35:27 Hand Cart
38:17 Stone Mining
38:19 Gold Mining
39:14 Horse Collar
43:24 Imperial Age
Abetterhandle
1:46 Loom
10:43 Feudal Age
11:39 Double-Bit Axe
14:09 Gold Mining
17:31 Castle Age
16:11 Forging
17:04 Horse Collar
19:41 Scale Mail Armor
21:08 Squires
24:40 Stone Mining
25:46 Heavy Plow
36:28 Iron Casting
36:09 Chain Mail Armor
40:38 Bloodlines
40:29 Husbandry
Tekz4987
7:04 Loom
9:39 Feudal Age
9:46 Champi Runner
16:36 Double-Bit Axe
16:35 Horse Collar
24:20 Castle Age
23:36 Fletching
23:46 Padded Archer Armor
24:04 Gold Mining
25:23 Thumb Ring
24:39 Crossbowman
28:44 Wheelbarrow
29:33 Heavy Plow
29:46 Bow Saw
40:42 Imperial Age
40:04 Champi Warrior
40:45 Squires
41:09 Scale Mail Armor
41:20 Forging
aYce Slide4285
11:10 Feudal Age
14:13 Double-Bit Axe
19:52 Gold Mining
19:46 Horse Collar
22:20 Castle Age
23:28 Husbandry
29:31 Scale Barding Armor
32:50 Forging
33:07 Heavy Plow
34:20 Chain Barding Armor
34:36 Iron Casting
37:11 Gold Shaft Mining
41:26 Wheelbarrow
40:36 Town Watch
46:46 Imperial Age
Alexander
0:27 Loom
11:52 Feudal Age
13:42 Wheelbarrow
16:15 Castle Age
17:35 Hand Cart
17:08 Double-Bit Axe
17:05 Horse Collar
17:51 Town Watch
26:32 Crossbowman
27:22 Fletching
27:33 Padded Archer Armor
27:50 Thumb Ring
28:43 Bodkin Arrow
29:16 Leather Archer Armor
38:51 Imperial Age
41:41 Conscription
40:49 Elite Plumed Archer
42:36 Bracer
43:07 Ring Archer Armor
43:01 Ballistics
43:42 Chemistry
adriancornejo84
10:12 Loom
11:58 Feudal Age
16:18 Castle Age
14:16 Double-Bit Axe
14:26 Horse Collar
20:42 Scale Mail Armor
20:53 Forging
24:29 Chain Mail Armor
27:47 Iron Casting
29:31 Wheelbarrow
28:46 Arson
29:01 Squires
29:20 Heavy Plow
32:26 Hand Cart
31:56 Town Watch
37:19 Imperial Age
37:31 Coinage
37:48 Town Patrol
39:48 Blast Furnace
42:41 Conscription
43:50 Elite Ghulam
Connection lost

Rejoining the realm…

Still unreachable

The connection could not be restored.

Session expired

The server has moved on; the page needs a fresh start.